 Dungeon Crawl Stone Soup version 0.30-a0-169-g06f667207d (webtiles) character file.

Game seed: 10219352910416437772

350 qw the Chopper (level 6, -1/38 HPs)
             Began as a Gargoyle Fighter on Sept 30, 2022.
             Was an Initiate of Okawaru.
             Slain by Pikel
             ... wielding a +2 whip of freezing
              (6 damage)
             ... on level 5 of the Dungeon.
             The game lasted 00:01:31 (3848 turns).

qw the Chopper (Gargoyle Fighter)                   Turns: 3848, Time: 00:01:31

Health: -1/38      AC: 11    Str: 20    XL:     6   Next: 61%
Magic:  6/6        EV:  9    Int:  8    God:    Okawaru [......]
Gold:   361        SH:  4    Dex: 13    Spells: 5/5 levels left

rFire   . . .      SeeInvis .    Y - +0 war axe
rCold   . . .      Faith    .    c - +0 buckler
rNeg    + . .      Spirit   .    b - +0 scale mail
rPois   inf        Reflect  .    (helmet restricted)
rElec   +          Harm     .    (no cloak)
rCorr   .          Rampage  .    (no gloves)
Will    .....                    (no boots)
Stlth   ..........               (no amulet)
HPRegen 0.12/turn                (no ring)
MPRegen 0.10/turn                (no ring)

@: about to teleport
A: sickness immunity, AC +4, negative energy resistance 1, electricity
resistance, torment resistance 1, petrification resistance, horns 1, agile 1
a: Renounce Religion


You were on level 5 of the Dungeon.
You worshipped Okawaru.
Okawaru was noncommittal.
You visited 1 branch of the dungeon, and saw 5 of its levels.

You collected 361 gold pieces.


Innate Abilities, Weirdness & Mutations

You are immune to sickness and miasma.
Your stone body is resilient. (AC +4)
You are immune to poison.
You resist negative energy. (rN+)
You are resistant to electric shocks. (rElec)
You are resistant to unholy torment.
You are immune to petrification.
You have a pair of small horns on your head.
You are agile. (Dex +4, Str/Int -1)


   Skills:
 - Level 4.0 Fighting
 + Level 5.4 Axes
 - Level 1.1 Throwing
 - Level 3.2 Armour
 - Level 1.1 Dodging
 - Level 3.2 Shields


You had 5 spell levels left.
You didn't know any spells.
Your spell library was empty.

Inventory:

Hand Weapons
 h - a +0 flail
 Y - a +0 war axe (weapon)
Missiles
 a - a javelin (quivered)
 n - 3 boomerangs
Armour
 b - a +0 scale mail (worn)
 c - a +0 buckler (worn)
Scrolls
 e - a scroll of magic mapping {unknown}
 f - a scroll of identify
 g - 3 scrolls of teleportation
Potions
 d - a potion of might
 i - a potion of mutation
 j - a potion of haste
 m - a potion of curing {unknown}

Dungeon Overview and Level Annotations

Branches:
Dungeon (5/15)
 Temple: D:4-7

Altars:
Gozag
Hepliaklqana
Nemelex Xobeh
Okawaru
Xom
Zin

Shops:
D:1 [

Annotations:
D:3 3 runed translucent doors, Crazy Yiuf; qw's ghost, amateur GrFi
D:5 Pikel


Message History

3843 ||| Stepping ~*~*~tactically~*~*~ (hiding). 2 gnolls come into view.
The gnoll shouts! x2; You hear a shout!
A gnoll comes into view. It is wielding a +0 flail.
A gnoll comes into view. It is wielding a +0 club.
The gnoll shouts!
You hit the lemure but do no damage. You block the lemure's attack.
You closely miss the lemure. You headbutt the lemure.
The lemure is moderately wounded.
You block the lemure's attack.
The gnoll sergeant hits you but does no damage.
The lemure barely misses you. The gnoll hits you with a +0 flail!
You block the gnoll sergeant's attack.
You hit the lemure but do no damage. Your headbutt misses the lemure.
The lemure is moderately wounded.
You barely miss the gnoll.
An adder comes into view.
The lemure hits you.
The white imp shouts, "Back with thee, thou yeasty fat-kidneyed brigand!"
The gnoll sergeant hits you from afar with a +0 spear.
The gnoll hits you with a +0 flail.
The adder moves out of view.
You slash the lemure! Your headbutt misses the lemure.
The lemure is heavily wounded.
You hit the lemure but do no damage. You hit the gnoll but do no damage.
You miss Pikel. The lemure hits you but does no damage.
The gnoll hits you from afar with a +0 spear.
Pikel hits you with a +2 whip of freezing.
Pikel freezes you.
The gnoll sergeant hits you from afar with a +0 spear.
The lemure hits you but does no damage. The gnoll hits you with a +0 flail.
3848 ||| READING 4 scrolls of teleportation.
As you read the scroll of teleportation, it crumbles to dust.
You feel strangely unstable.
The adder hisses angrily.
The lemure barely misses you. The gnoll barely misses you.
Pikel cracks his whip.
Pikel hits you with a +2 whip of freezing.
You die...

#.......#...#.....#..
#...#.#.......#.#... .
#........#.#.......#.#.
#..#...#.....#...#....
##...#....#....#....#..
#.#...#.....#...#.....
#.......#.#.......#.#
#...#.#.......#K#.....
#.#.....#...#.@555#...
#.....#....#..5g#g5..#.
..##.....#...#.gg..#...#
. #.#.#.......#g#.S.$.(
#.......#.#.......#.#(
#.#...#...[.#...#.g .
..#....#....#....# ...
.#.


You could see Pikel, 4 lemures, a gnoll sergeant, 4 gnolls, an adder and a white
imp.

Vanquished Creatures
  A jelly (D:3)
  2 hounds
  Ijyb (D:3)
  Terence (D:3)
  9 adders
  A gnoll (D:4)
  A worm (D:3)
  2 dart slugs (D:3)
  9 orcs
  5 bats
  14 endoplasms
  5 goblins
  8 hobgoblins
  8 jackals
  4 quokkas
  12 ball pythons
  5 frilled lizards (D:3)
  20 kobolds
  2 rats (D:2)
110 creatures vanquished.

Vanquished Creatures (others)
  5 fungi (D:3)
  10 toadstools (D:3)
15 creatures vanquished.

Grand Total: 125 creatures vanquished

Notes
Turn   | Place    | Note
-------+----------+-------------------------------------------
     0 | D:1      | qw the Gargoyle Fighter began the quest for the Orb.
     0 | D:1      | Reached XP level 1. HP: 14/14 MP: 1/1
     0 | D:1      | 0 ||| qw: Version: 0.2-a-12-gaebbb33
     0 | D:1      | 0 ||| qw: Game counter: 1387
     0 | D:1      | 0 ||| qw: Always use a shield: true
     0 | D:1      | 0 ||| qw: God list: Okawaru
     0 | D:1      | 0 ||| qw: Allow faded altars: false
     0 | D:1      | 0 ||| qw: Do Orc after D:15 true
     0 | D:1      | 0 ||| qw: Do second Lair branch before Depths: true
     0 | D:1      | 0 ||| qw: Lair rune preference: random
     0 | D:1      | 0 ||| qw: Plans: Normal, Zot:1-4, God:TSO, Crypt, Tomb,
                  | Pan, Slime:5, Hells, Abyss, Orb
     0 | D:1      | 0 ||| PLANNING D:1-11
    44 | D:1      | 44 ||| Stepping ~*~*~tactically~*~*~ (stealth).
    45 | D:1      | 45 ||| Stepping ~*~*~tactically~*~*~ (stealth).
    53 | D:1      | Reached skill level 2 in Axes
   129 | D:1      | 129 ||| Stepping ~*~*~tactically~*~*~ (stealth).
   135 | D:1      | Reached XP level 2. HP: 15/19 MP: 2/2
   211 | D:1      | Found Uklimofon's Antique Armour Emporium.
   225 | D:1      | 225 ||| SHOPLISTING dazzling ring mail (153 gold, have 28).
   225 | D:1      | 225 ||| SHOPLISTING shiny scale mail (119 gold, have 28).
   225 | D:1      | 225 ||| SHOPLISTING twisted helmet (161 gold, have 28).
   443 | D:1      | 443 ||| DROPPING +6 ring of intelligence.
   444 | D:1      | 444 ||| READING scroll labelled DOYRGH ZYOTUNIRPH.
   445 | D:1      | 445 ||| READING scroll labelled LOPIMP CEJUIB.
   488 | D:2      | 488 ||| DROPPING +0 club.
   547 | D:2      | Reached skill level 3 in Axes
   619 | D:2      | Found a faded altar of an unknown god.
   677 | D:2      | 677 ||| Stepping ~*~*~tactically~*~*~ (stealth).
   686 | D:2      | Reached XP level 3. HP: 23/23 MP: 3/3
  1073 | D:2      | 1073 ||| Stepping ~*~*~tactically~*~*~ (stealth).
  1074 | D:2      | 1074 ||| Stepping ~*~*~tactically~*~*~ (stealth).
  1075 | D:2      | 1075 ||| Stepping ~*~*~tactically~*~*~ (stealth).
  1098 | D:2      | 1098 ||| Stepping ~*~*~tactically~*~*~ (stealth).
  1356 | D:2      | Found a hazy altar of Hepliaklqana.
  1499 | D:2      | 1499 ||| READING scroll labelled WUSUXAMMEQO.
  1500 | D:2      | 1500 ||| READING 3 scrolls labelled FOUBRE TOLOIKK.
  1505 | D:2      | 1505 ||| READING scroll labelled SEARYE QEATE.
  1506 | D:2      | 1506 ||| DRINKING 2 fizzy pink potions.
  1506 | D:2      | Gained mutation: You are agile. (Dex +4, Str/Int -1)
                  | [potion of mutation]
  1506 | D:2      | Gained mutation: You have a pair of small horns on your
                  | head. [potion of mutation]
  1537 | D:3      | Reached XP level 4. HP: 28/28 MP: 4/4
  1553 | D:3      | Noticed Ijyb
  1554 | D:3      | 1554 ||| Stepping ~*~*~tactically~*~*~ (hiding).
  1556 | D:3      | 1556 ||| Stepping ~*~*~tactically~*~*~ (stealth).
  1568 | D:3      | Killed Ijyb
  1569 | D:3      | Reached skill level 4 in Axes
  1794 | D:3      | Noticed Terence
  1801 | D:3      | Killed Terence
  1802 | D:3      | Reached skill level 1 in Dodging
  1945 | D:3      | Found a shimmering altar of Xom.
  1958 | D:3      | Reached XP level 5. HP: 31/32 MP: 5/5
  1976 | D:3      | 1976 ||| Stepping ~*~*~tactically~*~*~ (stealth).
  2053 | D:3      | Found a runed translucent door.
  2054 | D:3      | Noticed Crazy Yiuf
  2103 | D:3      | Found a sparkling altar of Nemelex Xobeh.
  2234 | D:3      | 2234 ||| DROPPING +0 whip.
  2270 | D:3      | 2270 ||| Stepping ~*~*~tactically~*~*~ (stealth).
  2286 | D:3      | 2286 ||| FLEEEEING.
  2423 | D:3      | Reached skill level 5 in Axes
  2591 | D:3      | Found a large runed translucent door.
  2591 | D:3      | Found a large runed translucent door.
  2594 | D:3      | Noticed qw's ghost (amateur GrFi)
  2687 | D:3      | 2687 ||| DROPPING ring of wizardry.
  2688 | D:3      | 2688 ||| READING scroll labelled RYGIR XACRU.
  2689 | D:3      | 2689 ||| DRINKING 2 fuming clear potions.
  2793 | D:3      | 2793 ||| DROPPING potion of berserk rage.
  2852 | D:4      | Found a glowing silver altar of Zin.
  2912 | D:4      | 2912 ||| Stepping ~*~*~tactically~*~*~ (stealth).
  2989 | D:4      | Reached XP level 6. HP: 38/38 MP: 6/6
  3003 | D:4      | Found an opulent altar of Gozag.
  3122 | D:4      | 3122 ||| Stepping ~*~*~tactically~*~*~ (stealth).
  3126 | D:4      | 3126 ||| Stepping ~*~*~tactically~*~*~ (stealth).
  3254 | D:4      | Found an iron altar of Okawaru.
  3255 | D:4      | 3255 ||| PLANNING OKAWARU WORSHIP
  3255 | D:4      | 3255 ||| READING scroll labelled YVOUGG MARA.
  3256 | D:4      | 3256 ||| READING 2 scrolls of identify.
  3256 | D:4      | 3256 ||| IDENTIFYING dark potion
  3257 | D:4      | 3257 ||| DROPPING potion of brilliance.
  3265 | D:4      | Became a worshipper of Warmaster Okawaru
  3266 | D:4      | 3266 ||| PLANNING D:1-11
  3734 | D:4      | 3734 ||| READING 2 scrolls of identify.
  3734 | D:4      | 3734 ||| IDENTIFYING golden potion
  3771 | D:5      | Entered Level 5 of the Dungeon
  3780 | D:5      | Reached skill level 1 in Throwing
  3840 | D:5      | Noticed Pikel
  3843 | D:5      | 3843 ||| Stepping ~*~*~tactically~*~*~ (hiding).
  3847 | D:5      | HP: 9/38 [Pikel/+2 whip of freezing (1)]
  3848 | D:5      | 3848 ||| READING 4 scrolls of teleportation.
  3848 | D:5      | Slain by Pikel

Levels and vault maps discovered:
D:1:      scummos_arrival_checkerplants, layout_rooms, serial_shops,
          nicolae_shop_overgrown_old_shop
D:2:      layout_basic, basic_ecumenical_altar, basic_altar, minmay_heptomino_d4
D:3:      cheibrodos_fertilizer, layout_basic,
          mainiacjoe_overflow_surrounded_room, marbit_many_paths,
          ebering_ghost_disaster_area, uniq_terence, uniq_crazy_yiuf_cottage,
          uniq_ijyb
D:4:      layout_basic, zin_academy, okawaru_altar_gauntlet_db,
          lemuel_tele_altar
D:5:      layout_gridville, lemuel_blue_sif_altar, hangedman_decor_lopped,
          nicolae_kite_square_tiling_tiny, uniq_pikel

Skill      XL: |  1  2  3  4  5  6 |
---------------+-------------------+-----
Axes           | 2 3 4 5 |  5.4
Dodging        | 1 |  1.1
Fighting       | 4 |  4.0
Throwing       | 1 |  1.1
Armour         | |  3.2
Shields        | |  3.2

Action                   |  1- 3 |  4- 6 || total
-------------------------+-------+-------++-------
Melee: War axe           |   110 |   163 ||   273
       Headbutt          |       |    28 ||    28
Throw: Boomerang         |       |    30 ||    30
       Javelin           |       |     8 ||     8
  Use: Scroll            |     5 |     5 ||    10
       Potion            |     1 |     1 ||     2
Armor: Scale mail        |    48 |    74 ||   122
Dodge: Dodged            |    59 |    58 ||   117
Block: Buckler           |    23 |    33 ||    56

Table legend:
 A = Non-vault XP
 B = Vault XP
 C = Vault XP percentage of total XP
 D = Non-vault monster count
 E = Vault monster count
 F = Vault count percentage of total count
                 A         B        C        D         E       F
            +---------+---------+-------+---------+---------+-------
      Total |     326 |     175 |  34.9 |      79 |      31 |  28.2
            +---------+---------+-------+---------+---------+-------
        D:1 |      24 |       0 |   0.0 |      15 |       0 |   0.0
        D:2 |      50 |       7 |  12.3 |      17 |       4 |  19.0
        D:3 |      76 |     143 |  65.3 |      26 |      21 |  44.7
        D:4 |     114 |      25 |  18.0 |      16 |       6 |  27.3
        D:5 |      62 |       0 |   0.0 |       5 |       0 |   0.0
            +---------+---------+-------+---------+---------+-------
